 Dungeon Crawl Stone Soup version 0.23.0-3-gf3c87f2 (webtiles) character file.

Game seed: 8762568782444607808

1759 zishaf the Stinger (level 9, -4/59 HPs)
             Began as an Octopode Venom Mage on Feb 22, 2019.
             Slain by an unseen horror (10 damage)
             ... on level 7 of the Dungeon.
             The game lasted 00:20:19 (8706 turns).

zishaf the Stinger (Octopode Venom Mage)            Turns: 8706, Time: 00:20:19

Health: -4/59      AC:  1    Str:  8    XL:     9   Next: 6%
Magic:  15/15      EV: 14    Int: 20    God:
Gold:   399        SH:  8    Dex: 12    Spells: 6/16 levels left

rFire    . . .     SeeInvis .   x - +12 dagger of Purpose {pain, -Tele *Noise +Inv rC++}
rCold    + + .     Gourm    .   w - +0 buckler
rNeg     + . .     Faith    .   (helmet restricted)
rPois    .         Spirit   .   a - +5 amulet of reflection
rElec    .         Reflect  +   t - ring of positive energy
rCorr    .         Harm     .   (no ring)
MR       .....     NoTele   +   (no ring)
Stlth    ++++......             (no ring)
HPRegen  0.19/turn              (no ring)
MPRegen  0.14/turn              (no ring)
                                (no ring)
                                (no ring)

@: drained
A: almost no armour, stealthy swim, amphibious, 8 rings, constrict 8, camouflage
1, gelatinous body 1
a: Evoke Invisibility


You were on level 7 of the Dungeon.
You were not hungry.

You visited 1 branch of the dungeon, and saw 7 of its levels.

You collected 399 gold pieces.

Inventory:

Hand Weapons
 x - the +12 dagger of Purpose (weapon) {pain, -Tele *Noise +Inv rC++}
   (You found it on level 6 of the Dungeon)

   In the hands of one skilled in necromantic magic, it inflicts extra damage on
   living creatures.
   It greatly protects you from cold.
   It lets you turn invisible.
   It may make noises in combat.
   It prevents most forms of teleportation.
Missiles
 d - 190 stones
 p - 2 throwing nets (quivered)
Armour
 w - a +0 buckler (worn)
Jewellery
 a - a +5 amulet of reflection (around mantle)
 t - a ring of positive energy (left tentacle)
Scrolls
 c - a scroll of immolation {unknown}
 f - a scroll of amnesia {unknown}
 g - 6 scrolls of identify
 i - 4 scrolls of remove curse
 l - 2 scrolls of blinking
 q - 4 scrolls of enchant weapon
 u - a scroll of holy word {unknown}
Potions
 e - a potion of berserk rage
 h - a potion of brilliance
 j - a potion of cancellation
 k - 3 potions of haste
 m - 2 potions of lignification
 n - 2 potions of curing
 o - 2 potions of heal wounds
 r - 2 potions of flight
 s - a potion of magic
Comestibles
 b - 15 rations
 v - a chunk of flesh


   Skills:
 + Level 4.4(3.8) Fighting
 + Level 5.1(4.5) Dodging
 - Level 5.0(4.4) Stealth
 * Level 1.7(1.2) Shields
 - Level 4.0(3.4) Spellcasting
 + Level 4.1(3.5) Conjurations
 - Level 3.0(2.4) Air Magic
 + Level 7.1(6.5) Poison Magic


You had 6 spell levels left.
You knew the following spells:

 Your Spells              Type           Power        Failure   Level  Hunger
a - Sting                 Conj/Pois      ###.         2%          1    None
b - Olgreb's Toxic Radia  Pois           ####....     13%         4    ####...
c - Poisonous Vapours     Pois/Air       ###...       4%          2    ##.....
z - Mephitic Cloud        Conj/Pois/Air  ###.....     11%         3    ###....

Your spell library contained the following spells:

 Spells                   Type           Power        Failure   Level  Hunger
 Venom Bolt               Conj/Pois      ###.......   56%         5    ######.


Dungeon Overview and Level Annotations

Branches:
Dungeon (7/15)             Temple (0/1) D:7

Altars:
Ashenzari
Fedhas
Kikubaaqudgha
Makhleb
Qazlal
Sif Muna
Wu Jian
Yredelemnul

Annotations:
D:5 Menkaure


Innate Abilities, Weirdness & Mutations

You cannot wear most types of armour.
You are very stealthy in the water. (Stealth+)
You are amphibious.
You can wear up to eight rings at the same time.
You can use your tentacles to constrict eight enemies at once.
Your skin changes colour to match your surroundings (Stealth+).
Your rubbery body absorbs attacks. (AC +1, EV +1)


Message History

Something hits you but does no damage. Something hits you!
You swing at nothing.
Something hits you!
You swing at nothing.
Something hits you!
You swing at nothing.
Something barely misses you.
You swing at nothing.
Something hits you.
* * * LOW HITPOINT WARNING * * *
You block something's attack. Something hits you.
* * * LOW HITPOINT WARNING * * *
Something hits you!
* * * LOW HITPOINT WARNING * * *
You feel much better. Something hits you!
* * * LOW HITPOINT WARNING * * *
Something hits you!
* * * LOW HITPOINT WARNING * * *
Something hits you.
* * * LOW HITPOINT WARNING * * *
Something hits you!
You die...

,,*,*** #...# *,,,,,**, *,*,,,***
#...# *,.**,**, ,,,,,,,,* #...#
**..,,,,,,
*,***,*,*######...######..,,,,,,,
,,* *,*,*#..............#**,*,*,,
*****,*,,...............# *,*,,,,
*,,,,,,,#............./# *,*,*,,
*,**,**,####.#...#.##### ***,***
**,**,**,* #.#.@.#{# *,*
*,,,,,**,* #.#...#.# ***,***
*,,*****,* #...<...# ***+***
*,,*****,* #.#...#.# ******⌠,⌠**
*,,,,,,,,* #.......# *,,,,*,>,+,
*,******** #.......# *,****⌠,⌠**
*,* *#.#.##..#**,* ******* ,,*
******#....,....,,,********* ***
**,,,,...###*#.###*,**,**,*


There were no monsters in sight!

Vanquished Creatures
  Sigmund (D:5)
  A sky beast (D:5)
  A big kobold (D:4)
  A bullfrog (D:6)
  A scorpion (D:6)
  3 wights
  3 howler monkeys
  2 crimson imps (D:6)
  A centaur zombie (D:6)
  A jelly (D:5)
  6 orc priests
  2 hounds
  7 orc wizards
  4 iguanas
  3 worker ants
  A hound skeleton (D:6)
  10 gnolls
  11 adders
  An ooze (D:6)
  2 adder skeletons
  2 adder zombies
  4 worms
  3 dart slugs
  2 leopard geckos
  26 orcs
  5 giant cockroaches
  6 hobgoblins
  6 jackals (D:2)
  7 kobolds
  3 quokkas
  A ball python (D:5)
  6 bats
  5 frilled lizards (D:2)
  2 gnoll zombies (D:3)
  4 goblins
  A jackal skeleton (D:6)
  A leopard gecko skeleton (D:4)
  A quokka skeleton (D:5)
  7 rats
154 creatures vanquished.

Notes
Turn   | Place    | Note
-------+----------+-------------------------------------------
     0 | D:1      | zishaf the Octopode Venom Mage began the quest for the Orb.
     0 | D:1      | Reached XP level 1. HP: 11/11 MP: 3/3
   132 | D:1      | Reached XP level 2. HP: 13/17 MP: 3/5
   302 | D:1      | Found a shattered altar of Ashenzari.
   679 | D:1      | Learned a level 2 spell: Poisonous Vapours
  1145 | D:2      | Reached XP level 3. HP: 15/22 MP: 0/6
  1420 | D:2      | Found a faded altar of an unknown god.
  1435 | D:2      | Reached skill level 1 in Fighting
  1435 | D:2      | Reached skill level 4 in Poison Magic
  1507 | D:2      | Reached XP level 4. HP: 24/28 MP: 0/7
  2023 | D:2      | Found a deep blue altar of Sif Muna.
  2600 | D:3      | Found a blossoming altar of Fedhas.
  2602 | D:3      | Found an ancient bone altar of Kikubaaqudgha.
  2626 | D:3      | Reached XP level 5. HP: 28/33 MP: 8/8
  2700 | D:3      | Found a deep blue altar of Sif Muna.
  2814 | D:3      | Reached skill level 1 in Air Magic
  2994 | D:3      | Learned a level 3 spell: Mephitic Cloud
  3192 | D:3      | Found a basalt altar of Yredelemnul.
  3666 | D:4      | Reached XP level 6. HP: 33/39 MP: 5/10
  4277 | D:4      | Reached XP level 7. HP: 44/45 MP: 1/11
  4436 | D:4      | Reached skill level 5 in Poison Magic
  4743 | D:4      | Reached skill level 5 in Stealth
  5175 | D:4      | Found an ornate altar of the Wu Jian Council.
  5260 | D:5      | Entered Level 5 of the Dungeon
  5624 | D:5      | Noticed Menkaure
  5906 | D:5      | Reached XP level 8. HP: 24/52 MP: 7/13
  6076 | D:5      | Noticed Sigmund
  6330 | D:5      | Found a burning altar of Makhleb.
  6455 | D:5      | Killed Sigmund
  6631 | D:5      | Learned a level 4 spell: Olgreb's Toxic Radiance
  6701 | D:6      | Reached skill level 6 in Poison Magic
  7586 | D:6      | Got a bloodstained dagger
  7587 | D:6      | Identified the +12 dagger of Purpose {pain, -Tele *Noise
                  | +Inv rC++} (You found it on level 6 of the Dungeon)
  7647 | D:6      | Reached skill level 7 in Poison Magic
  7846 | D:6      | Reached skill level 5 in Dodging
  7846 | D:6      | Reached skill level 1 in Shields
  8030 | D:6      | Reached XP level 9. HP: 41/59 MP: 9/15
  8296 | D:6      | Found a stormy altar of Qazlal.
  8703 | D:7      | HP: 1/59 [something (11)]
  8706 | D:7      | Slain by an unseen horror

Skill      XL: |  1  2  3  4  5  6  7  8 |
---------------+-------------------------+-----
Stealth        | 3 4 5 |  5.0
Fighting       | 1 2 3 4 |  4.4
Poison Magic   | 4 5 7 |  7.1
Conjurations   | 2 4 |  4.1
Air Magic      | 1 2 3 |  3.0
Dodging        | 3 4 5 |  5.1
Spellcasting   | 3 4 |  4.0
Shields        | 1 |  1.7

Action                   |  1- 3 |  4- 6 |  7- 9 || total
-------------------------+-------+-------+-------++-------
Melee: Unarmed           |    61 |    93 |       ||   154
       Constrict         |    18 |    23 |    30 ||    71
       Tentacles         |    11 |    22 |    14 ||    47
       Dagger            |       |     7 |    24 ||    31
       Hand axe          |       |       |    67 ||    67
       Short sword       |       |       |    30 ||    30
Throw: Throwing net      |       |       |     3 ||     3
 Cast: Sting             |    15 |    19 |     1 ||    35
       Poisonous Vapours |     4 |    49 |    77 ||   130
       Mephitic Cloud    |       |     1 |       ||     1
  Use: Scroll            |       |       |    11 ||    11
       Potion            |       |       |     1 ||     1
 Stab: Sleeping          |     6 |    13 |     5 ||    24
       Distracted        |       |       |     1 ||     1
       Held in net/web   |       |       |     1 ||     1
  Eat: Chunk             |     2 |    12 |    13 ||    27
       Ration            |       |       |     1 ||     1
Armor: Skin              |     3 |    11 |     4 ||    18
Dodge: Dodged            |    32 |    65 |   102 ||   199
Block: Other             |    15 |    29 |    17 ||    61
       Reflection        |     1 |       |       ||     1
       Buckler           |       |       |     7 ||     7
